 Dungeon Crawl Stone Soup version 0.21-a0-476-gd103f4b (webtiles) character file.

138 kae the Insei (level 5, 0/42 HPs)
             Began as a Draconian Transmuter on Nov 22, 2017.
             Succumbed to a worker ant's poison
             ... on level 3 of the Dungeon.
             The game lasted 00:02:54 (2994 turns).

kae the Insei (Draconian Transmuter)                Turns: 2994, Time: 00:02:55

Health: 0/42       AC:  5    Str: 12    XL:     5   Next: 1%
Magic:  8/8        EV: 11    Int: 13    God:
Gold:   152        SH:  4    Dex: 13    Spells: 3/9 levels left

rFire    . . .     SeeInvis .   h - +0 short sword
rCold    . . .     Gourm    .   d - +1 buckler
rNeg     . . .     Faith    .   (armour unavailable)
rPois    .         Spirit   .   (helmet restricted)
rElec    .         Reflect  .   (no cloak)
rCorr    .         Harm     .   (no gloves)
MR       .....                  (no boots)
Stlth    +.........             (no amulet)
HPRegen  0.14/turn              (no ring)
MPRegen  0.11/turn              (no ring)

@: lethally poisoned (0 -> -1)
A: unfitting armour, cold-blooded, AC +5
a: no special abilities


You were on level 3 of the Dungeon.
You were not hungry.

You visited 1 branch of the dungeon, and saw 3 of its levels.

You collected 152 gold pieces.

Inventory:

Hand Weapons
 h - a +0 short sword (weapon)
Missiles
 a - 28 arrows
Armour
 d - a +1 buckler (worn)
Scrolls
 e - 4 scrolls of identify
 f - a scroll of teleportation
 j - a scroll of magic mapping
 n - a scroll of immolation
 o - a scroll of remove curse
Potions
 g - a potion of mutation
 k - a potion of flight
 m - a potion of lignification
Books
 b - a book of Changes

   Spells                             Type                      Level
   a - Beastly Appendage              Transmutation                1
   b - Sticks to Snakes               Transmutation                2
   c - Spider Form                    Transmutation/Poison         3
   d - Ice Form                       Ice/Transmutation            4
   e - Blade Hands                    Transmutation                5
Comestibles
 c - 2 bread rations
 i - 6 chunks of flesh
 l - 2 meat rations


   Skills:
 + Level 2.3 Fighting
 - Level 1.7 Dodging
 * Level 4.1 Unarmed Combat
 + Level 2.6 Spellcasting
 * Level 3.3 Transmutations


You had 3 spell levels left.
You knew the following spells:

 Your Spells              Type           Power        Failure   Level  Hunger
a - Beastly Appendage     Tmut           ##....       10%         1    #......
b - Sticks to Snakes      Tmut           ##......     16%         2    ###....
c - Spider Form           Tmut/Pois      #.........   52%         3    ###....


Dungeon Overview and Level Annotations

Branches:
Dungeon (3/15)

Altars:
Ashenzari
Okawaru
Sif Muna
Yredelemnul


Innate Abilities, Weirdness & Mutations

Your plain brown scales are hard. (AC +5)
You cannot fit into any form of body armour.
You are cold-blooded and may be slowed by cold attacks.


Message History

You start resting.
Some of the chunks of flesh in your inventory have rotted away.
* * * LOW HITPOINT WARNING * * *
You feel sick.
You start resting.
* * * LOW HITPOINT WARNING * * *
You feel sick.
You start resting.
* * * LOW HITPOINT WARNING * * *
You feel sick.
You start resting.
Your transformation is almost over.
* * * LOW HITPOINT WARNING * * *
You feel sick.
You start resting.
* * * LOW HITPOINT WARNING * * *
You feel sick.
You start resting.
You feel less wooden.
You die...

...........#
#...........###
#.............#
####..#..##.#.#
#############.#..##.# #
#.............#..#<.# #
#.............#..####.#
#.....................#
#......@...........####
#..................#
#...............####
#............#..#
#............#..#
##############..# #..#
#..# #.>#


There were no monsters in sight!

Vanquished Creatures
  A worker ant (D:3)
  Robin (D:2)
  4 adders
  An ooze (D:2)
  4 dart slugs
  2 leopard geckos
  3 orcs (D:3)
  2 giant cockroaches
  10 goblins
  8 hobgoblins
  5 kobolds
  A ball python (D:2)
  6 bats
  3 frilled lizards
  4 rats
55 creatures vanquished.

Vanquished Creatures (collateral kills)
  A worm (D:3)
  A kobold (D:2)
2 creatures vanquished.

Grand Total: 57 creatures vanquished

Notes
Turn   | Place    | Note
-------+----------+-------------------------------------------
     0 | D:1      | kae the Draconian Transmuter began the quest for the Orb.
     0 | D:1      | Reached XP level 1. HP: 16/16 MP: 3/3
   113 | D:1      | Reached XP level 2. HP: 21/23 MP: 5/5
  1001 | D:2      | Noticed Robin
  1004 | D:2      | Reached XP level 3. HP: 28/29 MP: 6/6
  1542 | D:2      | Killed Robin
  1713 | D:2      | Learned a level 2 spell: Sticks to Snakes
  1717 | D:2      | Learned a level 3 spell: Spider Form
  1785 | D:2      | Found a deep blue altar of Sif Muna.
  2059 | D:2      | Found a shattered altar of Ashenzari.
  2063 | D:2      | Found an iron altar of Okawaru.
  2068 | D:2      | Found a basalt altar of Yredelemnul.
  2109 | D:2      | Reached XP level 4. HP: 30/36 MP: 4/7
  2810 | D:3      | Reached skill level 4 in Unarmed Combat
  2958 | D:3      | Reached XP level 5. HP: 11/42 MP: 6/8
  2973 | D:3      | HP: 3/63 [poisoned by a worker ant]
  2978 | D:3      | HP: 2/63 [poisoned by a worker ant]
  2986 | D:3      | HP: 2/63 [poisoned by a worker ant]
  2994 | D:3      | Succumbed to a worker ant's poison

Vault maps used:
D:1:      lemuel_arrival_broad_hall, roderic_lattice_a
D:2:      minitemple, lemuel_round_altar, uniq_robin
D:3:      lemuel_crystal_altar, first_bread

Skill      XL: |  1  2  3  4 |
---------------+-------------+-----
Fighting       | 2 |  2.3
Transmutations | 3 |  3.3
Unarmed Combat | 4 |  4.1
Dodging        | |  1.7
Spellcasting   | |  2.6

Action                   |  1- 3 |  4- 6 || total
-------------------------+-------+-------++-------
Melee: Unarmed           |    14 |       ||    14
       Short sword       |   129 |    59 ||   188
       Kick              |     5 |     2 ||     7
       Tailslap          |    12 |     6 ||    18
       Headbutt          |     1 |     1 ||     2
 Cast: Beastly Appendage |    10 |     3 ||    13
       Sticks to Snakes  |     1 |     3 ||     4
  Use: Scroll            |     7 |     3 ||    10
       Potion            |       |     1 ||     1
 Stab: Sleeping          |       |     1 ||     1
  Eat: Chunk             |     4 |     3 ||     7
Armor: Skin              |    68 |    18 ||    86
Dodge: Dodged            |    87 |    34 ||   121
Block: Buckler           |    26 |    13 ||    39

Table legend:
 A = Spawn XP
 B = Non-spawn XP
 C = Spawn XP percentage of total XP
 D = Spawn monster count
 E = Non-spawn monster count
 F = Spawn count percentage of total count
 G = Total turns spent on level
                    A         B        C        D         E        F      G
               +---------+---------+-------+---------+---------+-------+---------
         Total |       0 |     198 |   0.0 |       0 |      57 |   0.0 |  2994
               +---------+---------+-------+---------+---------+-------+---------
           D:1 |       0 |      36 |   0.0 |       0 |      19 |   0.0 |   893
           D:2 |       0 |      87 |   0.0 |       0 |      21 |   0.0 |  1331
           D:3 |       0 |      75 |   0.0 |       0 |      17 |   0.0 |   770
               +---------+---------+-------+---------+---------+-------+---------
